 Dungeon Crawl Stone Soup version 0.19-a0-1851-g3228ea0 (webtiles) character file.

860 rgaf the Cudgeler (level 7, -7/52 HPs)
             Began as a Mummy Fighter on Oct 11, 2016.
             Mangled by an ogre
             ... wielding a +0 giant club
              (10 damage)
             ... on level 4 of the Dungeon.
             The game lasted 00:07:16 (4745 turns).

rgaf the Cudgeler (Mummy Fighter)                   Turns: 4745, Time: 00:07:17

Health: -7/52      AC: 11    Str: 20    XL:     7   Next: 71%
Magic:  7/7        EV:  7    Int:  7    God:
Gold:   319        SH:  9    Dex: 13    Spells: 0 memorised, 6 levels left

rFire  x . .     SeeInvis .     o - -2 flail (curse)
rCold  + . .     Gourm    .     b - +0 scale mail
rNeg   + + +     Faith    .     c - +0 shield
rPois  ∞         Spirit   .     (no helmet)
rElec  .         Dismiss  .     f - +0 cloak
rCorr  +         Reflect  .     h - +0 pair of gloves
MR     .....     Harm     .     j - +1 pair of boots
Stlth  ..........               l - amulet of magic regeneration
                                (no ring)
                                k - ring of resist corrosion

@: no status effects
A: no food or potions, fire vulnerability, cold resistance 1, negative energy
resistance 3, torment resistance, unbreathing
a: no special abilities


You were on level 4 of the Dungeon.
You were not hungry.

You visited 1 branch of the dungeon, and saw 4 of its levels.

You collected 319 gold pieces.

Inventory:

Hand Weapons
 a - a +1 flail
 d - a +5 flail of protection
 o - a cursed -2 flail (weapon)
Missiles
 m - 295 stones (quivered)
Armour
 b - a +0 scale mail (worn)
 c - a +0 shield (worn)
 f - a +0 cloak (worn)
 h - a +0 pair of gloves (worn)
 j - a +1 pair of boots (worn)
Jewellery
 k - a ring of resist corrosion (left hand)
 l - an amulet of magic regeneration (around neck)
Scrolls
 e - 2 scrolls of identify
 g - 3 scrolls of amnesia


   Skills:
 - Level 3.0 Fighting
 * Level 6.1 Maces & Flails
 + Level 4.8 Armour
 - Level 2.4 Shields


You had 6 spell levels left.
You didn't know any spells.

Dungeon Overview and Level Annotations

Branches:
Dungeon (4/15)
 Temple: D:4-7

Altars:
Makhleb


Innate Abilities, Weirdness & Mutations

You do not eat or drink.
Your flesh is vulnerable to fire.
You are immune to poison.
Your flesh is cold resistant. (rC+)
You are immune to negative energy. (rN+++)
You are immune to unholy pain and torment.
You can survive without breathing.


Message History

There is a shaft here.
The ogre hits you with a giant club!
You hit the ogre.
The ogre is lightly wounded.
You barely miss the ogre.
The ogre is lightly wounded.
The ogre hits you with a giant club!!
You hit the ogre.
The ogre is lightly wounded.
The ogre hits you with a giant club!
* * * LOW HITPOINT WARNING * * *
You are too injured to fight recklessly!
You are too injured to fight recklessly!
You are too injured to fight recklessly!
You are too injured to fight recklessly!
You are too injured to fight recklessly!
You are too injured to fight recklessly!
There is a stone staircase leading up here.
The ogre hits you with a giant club!
You die...

####..........## #
...............## .## #
####............# ..# #
######^#.###.# #.# # #...#...#.#
#.# #### #.#####...####.# #...
###)# ##.....#.#########.##
##...# #.#.#.........#.>.##
###..### #.O@###..........###
#.....# ##...###.....###....
#.....# #...# #.....# ####.
##.....# ###..###.....# ##
#......# #.......[....# #
#......# #............# #
#......#######..........>.#######
............##........######..)..
.......##.#.##........# #..####


You could see an ogre.

Vanquished Creatures
  Edmund (D:4)
  5 big kobolds
  4 hounds
  2 orc priests
  A bullfrog skeleton (D:4)
  3 gnolls
  A howler monkey skeleton (D:4)
  3 adders
  An ooze (D:3)
  4 worms
  A dart slug (D:1)
  6 orcs
  8 bats
  3 giant cockroaches
  9 goblins
  7 hobgoblins
  40 kobolds
  4 quokkas
  A ball python (D:3)
  6 frilled lizards
  8 rats
118 creatures vanquished.

Notes
Turn   | Place    | Note
-------+----------+-------------------------------------------
     0 | D:1      | rgaf the Mummy Fighter began the quest for the Orb.
     0 | D:1      | Reached XP level 1. HP: 18/18 MP: 1/1
   250 | D:1      | Reached skill level 2 in Maces & Flails
   357 | D:1      | Reached XP level 2. HP: 24/24 MP: 2/2
  1114 | D:2      | Reached XP level 3. HP: 25/29 MP: 3/3
  1392 | D:2      | Found a burning altar of Makhleb.
  1402 | D:2      | Reached skill level 3 in Maces & Flails
  1628 | D:3      | Reached XP level 4. HP: 33/35 MP: 4/4
  2305 | D:3      | Noticed a big kobold
  2336 | D:3      | Killed a big kobold
  2336 | D:3      | Reached XP level 5. HP: 37/41 MP: 5/5
  2591 | D:3      | Reached skill level 4 in Maces & Flails
  2808 | D:2      | Reached XP level 6. HP: 35/47 MP: 6/6
  3354 | D:3      | Reached skill level 5 in Maces & Flails
  3642 | D:3      | Reached XP level 7. HP: 51/52 MP: 7/7
  4392 | D:4      | Noticed Edmund
  4412 | D:4      | Killed Edmund
  4412 | D:4      | Reached skill level 6 in Maces & Flails
  4745 | D:4      | Mangled by an ogre

Vault maps used:
D:1:      dpeg_arrival_fog, corexii_leaking_fountain, serial_bayou_pond_a
D:2:      makhleb_blood_cavern_becter
D:3:      minmay_goblin_kobold_castle
D:4:      minmay_ogre_servants, uniq_edmund

Skill      XL: |  1  2  3  4  5  6  7 |
---------------+----------------------+-----
Maces & Flails | 2 3 4 5 6 |  6.1
Armour         | 3 4 |  4.8
Fighting       | |  3.0
Shields        | |  2.4

Action                   |  1- 3 |  4- 6 |  7- 9 || total
-------------------------+-------+-------+-------++-------
Melee: Flail             |   135 |   294 |   118 ||   547
Throw: Stone             |       |     4 |       ||     4
  Use: Scroll            |       |     4 |     1 ||     5
Armor: Scale mail        |    71 |   160 |    51 ||   282
Dodge: Dodged            |    43 |   115 |    31 ||   189
Block: Shield            |    57 |   160 |    52 ||   269
